 Dungeon Crawl Stone Soup version 0.29-a0-397-g846e4a0bbc (console) character file.

Game seed: 1218636960081691349

6061 om the Grappler (level 10, -4/91 HPs)
             Began as a Troll Berserker on May 10, 2022.
             Was a Priest of Trog.
             Killed from afar by an electric eel (11 damage)
             ... with a bolt of electricity
             ... on level 9 of the Dungeon on May 11, 2022.
             The game lasted 00:25:25 (7686 turns).

om the Grappler (Troll Berserker)                   Turns: 7686, Time: 00:25:25

Health: -4/91      AC:  9    Str: 27    XL:     10   Next: 57%
Magic:  9/9        EV: 12    Int:  5    God:    Trog [***...]
Gold:   570        SH:  0    Dex: 11    Spells: 9/9 levels left

rFire   . . .      SeeInvis .     - Unarmed
rCold   . . .      Faith    .   (no shield)
rNeg    + . .      Spirit   .   t - +0 troll leather armour
rPois   .          Reflect  .   A - +0 hat
rElec   .          Harm     .   v - +2 cloak
rCorr   .          Rampage  .   (gloves unavailable)
Will    .....                   (boots unavailable)
Stlth   +.........              (no amulet)
HPRegen 1.85/turn               g - ring of flight
MPRegen 0.11/turn               i - ring of positive energy

@: flying
A: large, unfitting armour, claws 3, regeneration 1, shaggy fur 1, tough skin 1
a: Renounce Religion, Berserk, Trog's Hand


You were on level 9 of the Dungeon.
You worshipped Trog.
Trog was most pleased with you.
You visited 2 branches of the dungeon, and saw 10 of its levels.

You collected 598 gold pieces.
You spent 28 gold pieces at shops.

Inventory:

Hand Weapons
 c - a +0 giant club
 d - a +0 hand axe of flaming
 n - a +1 spear of venom
 p - the +7 fustibalus of Eternal War {vorpal, rN+ Int+4}
   (You found it on level 3 of the Dungeon)

   Any ammunition fired from it inflicts extra damage upon your enemies.
   Int:       It affects your intelligence (+4).
   rN:        It protects you from negative energy.
 q - a +1 spear of protection
Armour
 a - a +1 animal skin
 t - a +0 troll leather armour (worn)
 v - a +2 cloak (worn)
 A - a +0 hat (worn)
Jewellery
 g - a ring of flight (left claw)
 i - a ring of positive energy (right claw)
 k - a ring of see invisible
 m - a ring of protection from fire
 u - an amulet of faith
 w - a ring of willpower
Wands
 e - a wand of flame (14)
Scrolls
 j - 2 scrolls of identify
 y - a scroll of enchant weapon
 z - 2 scrolls of enchant armour
Potions
 b - 5 potions of curing
 f - a potion of magic
 h - 4 potions of berserk rage
 o - a potion of resistance
 r - 3 potions of might
 s - 2 potions of heal wounds


   Skills:
 - Level 3.0 Fighting
 + Level 5.1 Maces & Flails
 * Level 8.2 Dodging
 - Level 9.0 Unarmed Combat
 - Level 6.0 Evocations


You had 9 spell levels left.
You didn't know any spells.
Your spell library was empty.

Dungeon Overview and Level Annotations

Branches:
Dungeon (9/15)             Temple (1/1) D:7            Lair (0/6) D:9
    Orc: D:9-12

Altars:
Cheibriados
Xom
The Shining One

Shops:
D:3 ?


Innate Abilities, Weirdness & Mutations

You are too large for most types of armour.
You have claws for hands.
Your natural rate of healing is unusually fast.
You are covered in fur. (AC +1)
You have tough skin. (AC +1)


Message History

A staircase to the Lair.
You start waiting.
An electric eel is nearby!
The electric eel shoots out a bolt of lightning at you!
The bolt of electricity hits you!
The electric eel shoots out a bolt of lightning at you!
The bolt of electricity hits you!
The electric eel shoots out a bolt of lightning at you!
The bolt of electricity hits you!
You hear a bark!
The electric eel shoots out a bolt of lightning at you!
The bolt of electricity misses you.
The electric eel shoots out a bolt of lightning at you!
The bolt of electricity hits you.
The electric eel shoots out a bolt of lightning at you!
The bolt of electricity hits you!
The electric eel shoots out a bolt of lightning at you!
The bolt of electricity hits you!
The electric eel shoots out a bolt of lightning at you!
The bolt of electricity hits you.
The electric eel shoots out a bolt of lightning at you!
The bolt of electricity hits you.
The electric eel shoots out a bolt of lightning at you!
The bolt of electricity misses you.
You don't have any unidentified items.
Unknown command.
Unknown command.
As you read the scroll of fog, it crumbles to dust.
The scroll dissolves into smoke.
The electric eel shoots out a bolt of lightning at you!
The bolt of electricity hits you!
* * * LOW HITPOINT WARNING * * *
The electric eel shoots out a bolt of lightning at you!
The bolt of electricity hits you!
* * * LOW HITPOINT WARNING * * *
The electric eel shoots out a bolt of lightning at you!
The bolt of electricity hits you.
* * * LOW HITPOINT WARNING * * *
The bolt of electricity hits you!
You die...

≈≈≈≈≈≈≈S≈≈........#
≈≈≈≈≈≈≈≈≈.........#
#..≈≈≈S≈≈..≈.≈≈.≈≈≈≈.....###.
#..≈≈≈≈≈S......≈≈≈≈≈≈....# ##
#............>..≈≈≈≈.....# #.
#...≈≈≈≈≈≈.....≈≈≈.≈≈≈...####
#.....≈≈≈≈.§§≈..≈≈≈.........#
##..≈≈≈≈≈≈≈§§..≈≈≈≈≈.≈.......#
#....≈≈≈≈≈≈§§§§≈≈≈≈≈....#....#
#.....≈≈≈..§§§S≈≈..≈.. #.....
#..........§§@h.≈..≈. ####..
#^.........§§§§...... #..
#.######....####..### ###..
#.........#.####.####. #....
########....÷!......... ##)##.
#.##.#########..##)..#. #.##.#
#.....).). #.##.# #.###...##
#.##.# #.# ##.###
#.##.#########.####.# #
#.##.......>#......<# #


You could see a hound and an electric eel.

Vanquished Creatures
  A manticore (D:8)
  A troll (D:9)
  Grinder (D:3)
  Prince Ribbit (D:8)
  A wyvern (D:8)
  A shadow (D:9)
  2 water moccasins
  7 orc warriors
  3 ice beasts
  A sky beast (D:7)
  A black bear (D:5)
  An ogre (D:4)
  3 wolves (D:9)
  4 centaurs
  2 phantoms
  2 kobold brigands (D:7)
  3 necrophages
  A bullfrog (D:8)
  3 gnoll sergeants
  3 scorpions
  3 wights (D:6)
  An electric eel (D:9)
  5 howler monkeys
  4 hounds
  3 jellies
  5 orc priests
  Ijyb (D:3)
  5 orc wizards
  3 iguanas
  Robin (D:4)
  12 gnolls
  9 adders
  A shadow imp (D:8)
  3 white imps
  A worm (D:4)
  5 dart slugs
  28 orcs
  5 bats
  9 endoplasms
  9 giant cockroaches
  21 goblins
  7 hobgoblins
  13 jackals
  13 kobolds
  5 quokkas
  3 ball pythons
  7 frilled lizards
  3 rats
227 creatures vanquished.

Vanquished Creatures (collateral kills)
  A two-headed ogre (D:8)
  An orc warrior (D:8)
2 creatures vanquished.

Grand Total: 229 creatures vanquished

Notes
Turn   | Place    | Note
-------+----------+-------------------------------------------
     0 | D:1      | om the Troll Berserker began the quest for the Orb.
     0 | D:1      | Reached XP level 1. HP: 22/22 MP: 0/0
   133 | D:1      | Reached XP level 2. HP: 29/29 MP: 1/1
   309 | D:1      | Reached XP level 3. HP: 35/36 MP: 2/2
   657 | D:1      | Found a faded altar of an unknown god.
   829 | D:2      | Reached ** piety under Trog
  1105 | D:2      | Reached skill level 4 in Unarmed Combat
  1186 | D:2      | Reached XP level 4. HP: 34/44 MP: 3/3
  1322 | D:2      | HP: 2/44 [poisoned by a gnoll]
  1327 | D:2      | HP: 3/66 [poisoned by a gnoll]
  1735 | D:3      | Noticed Grinder
  1745 | D:3      | Killed Grinder
  1746 | D:3      | Reached skill level 5 in Unarmed Combat
  1746 | D:3      | Reached XP level 5. HP: 53/53 MP: 4/4
  1746 | D:3      | Reached XP level 6. HP: 61/61 MP: 5/5
  1841 | D:3      | Found Caqum's Magic Scroll Shop.
  1844 | D:3      | Bought a scroll of identify for 28 gold pieces
  1846 | D:3      | Identified the +7 fustibalus of Eternal War {vorpal, rN+
                  | Int+4}
  1996 | D:3      | Noticed Ijyb
  2003 | D:3      | Killed Ijyb
  2004 | D:3      | Reached skill level 6 in Unarmed Combat
  2615 | D:4      | Reached skill level 1 in Evocations
  2684 | D:4      | Noticed Robin
  2685 | D:4      | Reached XP level 7. HP: 60/67 MP: 6/6
  2698 | D:4      | Killed Robin
  2922 | D:4      | Reached *** piety under Trog
  3448 | D:4      | Reached skill level 7 in Unarmed Combat
  3591 | D:5      | Entered Level 5 of the Dungeon
  3619 | D:5      | Reached skill level 5 in Dodging
  3619 | D:5      | Reached XP level 8. HP: 65/75 MP: 7/7
  4744 | D:6      | Reached skill level 8 in Unarmed Combat
  4780 | D:6      | Found a glowing golden altar of the Shining One.
  4803 | D:6      | Found a shimmering altar of Xom.
  4805 | D:6      | Found a snail-covered altar of Cheibriados.
  4911 | D:6      | Reached XP level 9. HP: 58/81 MP: 8/8
  5281 | D:7      | Reached **** piety under Trog
  5473 | D:7      | Identified the +1 trident "Zucon" {drain, Fly Int-4 Dex+5}
  5603 | D:7      | Reached skill level 1 in Maces & Flails
  5705 | D:7      | Reached skill level 9 in Unarmed Combat
  5982 | D:7      | Found a staircase to the Ecumenical Temple.
  5992 | Temple   | Entered the Ecumenical Temple
  6053 | D:8      | Reached skill level 5 in Evocations
  6119 | D:8      | Noticed a two-headed ogre
  6150 | D:8      | Killed a two-headed ogre
  6173 | D:8      | Reached XP level 10. HP: 91/91 MP: 9/9
  6189 | D:8      | Upgraded the game from 0.29-a0-393-g47a863cc1b to
                  | 0.29-a0-397-g846e4a0bbc
  6238 | D:8      | Noticed a manticore
  6247 | D:8      | Killed a manticore
  6353 | D:8      | Noticed Prince Ribbit
  6370 | D:8      | Killed Prince Ribbit
  6775 | D:9      | Found a staircase to the Lair.
  7184 | D:9      | Reached skill level 5 in Maces & Flails
  7686 | D:9      | Killed from afar by an electric eel

Illustrated notes

Levels and vault maps discovered:
D:1:      dpeg_arrival_stonehenge_12_columns, layout_basic,
          shapermc_ecumenical_altar_flowoftime
D:2:      layout_basic
D:3:      layout_basic, serial_shops, nicolae_shop_behind_doors, st_stairs_3,
          uniq_grinder, uniq_ijyb
D:4:      minmay_razor_zed, layout_loops_cross, uniq_robin
D:5:      layout_loops_ring
D:6:      layout_gridville, tso_oasis_becter, nicolae_overflow_hidden_temple
D:7:      layout_rooms, lemuel_temple_firewalk_a,
          amcnicky_mini_rare_corridor_liquid, st_stairs_14
D:8:      layout_rooms, uniq_prince_ribbit1
D:9:      layout_loops_ring, makhleb_altar_promises_db, erik_lair_island,
          hangedman_decor_growths, minivault_24, minmay_misc_feat_rows
Temple:   mainiacjoe_temple_coin_purse

Skill      XL: |  1  2  3  4  5  6  7  8  9 10 |
---------------+-------------------------------+-----
Unarmed Combat | 4 5 6 7 8 9 |  9.0
Dodging        | 3 4 5 6 7 8 |  8.2
Fighting       | 3 |  3.0
Evocations     | 1 2 4 5 6 |  6.0
Maces & Flails | 3 5 |  5.1

Action                   |  1- 3 |  4- 6 |  7- 9 | 10-12 || total
-------------------------+-------+-------+-------+-------++-------
Melee: Unarmed           |   104 |   123 |   261 |   128 ||   616
       Punch             |     1 |     5 |    13 |     3 ||    22
Invok: Berserk           |     1 |     6 |     5 |     6 ||    18
       Trog's Hand       |       |     1 |       |     1 ||     2
       Brothers in Arms  |       |       |     1 |       ||     1
Evoke: Wand              |       |     1 |       |       ||     1
  Use: Scroll            |       |     6 |     9 |     4 ||    19
       Potion            |       |     2 |       |       ||     2
Armor: Animal skin       |    31 |    33 |    60 |    45 ||   169
       Troll leather arm |       |       |       |     4 ||     4
Dodge: Dodged            |    56 |    76 |   164 |    88 ||   384

Table legend: (Time is in decaauts)
 A = Elapsed time spent in this place.
 B = Non-inter-level travel time spent in this place.
 C = Inter-level travel time spent in this place.
 D = Time resting spent in this place.
 E = Time spent auto-exploring this place.
 F = Levels seen in this place.
 G = Mean time per level.
                   A        B        C        D        E       F      G
               +--------+--------+--------+--------+--------+-----+--------+
         Total |   7797 |   7424 |    373 |   1987 |   3821 |  10 |  779.7 |
       Dungeon |   7795 |   7422 |    373 |   1987 |   3821 |   9 |  866.1 |
        Temple |      1 |      1 |      0 |      0 |      0 |   1 |    1.0 |
               +--------+--------+--------+--------+--------+-----+--------+

Top non-repeatable levels by time:
     D:4: 1292 daAuts
     D:9: 1121 daAuts
     D:6: 953 daAuts
     D:2: 903 daAuts
     D:1: 787 daAuts
     D:7: 778 daAuts
     D:3: 710 daAuts
     D:5: 691 daAuts
     D:8: 556 daAuts
  Temple: 1 daAuts
